 Dungeon Crawl Stone Soup version 0.29-a0-664-gff9cad4a3d (webtiles) character file.

Game seed: 12363988208495467333

345 Newt the Poker (level 6, -1/47 HPs)
             Began as a Demonspawn Abyssal Knight on June 22, 2022.
             Was a Priest of Lugonu.
             Splashed by a jelly's acid (5 damage)
             ... on level 5 of the Dungeon.
             The game lasted 00:15:19 (3659 turns).

Newt the Poker (Demonspawn Abyssal Knight)          Turns: 3659, Time: 00:15:19

Health: -1/47      AC: -2    Str: 15    XL:     6   Next: 32%
Magic:  9/9        EV:  6    Int: 11    God:    Lugonu [***...]
Gold:   196        SH:  4    Dex: 14    Spells: 10/10 levels left

rFire   . . .      SeeInvis .   a - +1 spear
rCold   . . .      Faith    .   (no shield)
rNeg    + . .      Spirit   .   w - +2 chain mail {rN+}
rPois   .          Reflect  .   u - +0 helmet
rElec   .          Harm     .   l - scarf {shadows}
rCorr   .          Rampage  .   i - +0 pair of gloves
Will    .....                   (no boots)
Stlth   ..........              (no amulet)
HPRegen 0.15/turn               (no ring)
MPRegen 0.22/turn               (no ring)

@: corroded
A: hooves 1, large bone plates 1, magic regeneration
a: Renounce Religion, Depart the Abyss, Bend Space, Banish


You were on level 5 of the Dungeon.
You worshipped Lugonu.
Lugonu was most pleased with you.
You visited 1 branch of the dungeon, and saw 5 of its levels.
You visited the Abyss 1 time.

You collected 196 gold pieces.

Inventory:

Hand Weapons
 a - a +1 spear (weapon)
Armour
 b - a +0 leather armour
 c - a +0 cloak
 i - a +0 pair of gloves (worn)
 j - a +0 helmet
 l - a scarf of shadows (worn)
 m - a +0 chain mail
 q - a +0 helmet
 u - a +0 helmet (worn)
 w - a +2 chain mail of positive energy (worn)
Magical Staves
 x - a staff of air
Wands
 r - a wand of paralysis (3)
 t - a wand of digging (2)
Scrolls
 d - 2 scrolls of teleportation
 e - a scroll of brand weapon {unknown}
 g - a scroll of immolation {unknown}
 k - a scroll of noise
 s - a scroll of magic mapping
Potions
 h - a potion of lignification
 n - a potion of attraction
 o - a potion of brilliance
 p - a potion of berserk rage {unknown}
 v - a potion of curing {unknown}


   Skills:
 - Level 3.3 Fighting
 + Level 4.5 Polearms
 + Level 2.7 Armour
 - Level 0.8 Dodging
 + Level 0.3 Shields
 * Level 2.5 Spellcasting
 + Level 2.8 Invocations


You had 10 spell levels left.
You didn't know any spells.
Your spell library contained the following spells:

 Spells                   Type           Power      Damage    Failure   Level
 Summon Small Mammal      Summ           4%         N/A       99%         1
 Call Canine Familiar     Summ           1%         N/A       100%        3
 Summon Guardian Golem    Hex/Summ       1%         N/A       100%        3


Dungeon Overview and Level Annotations

Branches:
Dungeon (5/15)             Temple (0/1) D:5

Altars:


Innate Abilities, Weirdness & Mutations

You have large cloven feet.
You are partially covered in large bone plates. (SH +4)
You regenerate magic rapidly.


Message History

As you read the scroll of identify, it crumbles to dust.
n - a potion of attraction
As you read the scroll of identify, it crumbles to dust.
s - a scroll of magic mapping
As you read the scroll of identify, it crumbles to dust.
o - a potion of brilliance A jelly comes into view.
The jelly quivers.
You hit the jelly. The acid corrodes you!
Your hands burn!
You kick the jelly.
The jelly is lightly wounded.
You hit the jelly but do no damage.
Your hands burn!
Your kick misses the jelly.
The jelly is lightly wounded.
The jelly hits you. The acid corrodes you!
You are splashed with acid.
You hit the jelly but do no damage.
Your hands burn!
You kick the jelly, but do no damage.
The jelly is lightly wounded.
You block the jelly's attack.
You hit the jelly.
Your hands burn!
You kick the jelly, but do no damage.
The jelly is heavily wounded.
The jelly hits you but does no damage.
You hit the jelly. The acid corrodes you!
Your hands burn!
You kick the jelly, but do no damage.
The jelly is severely wounded.
You block the jelly's attack.
You are too injured to fight recklessly!
You are too injured to fight recklessly!
You hit the jelly but do no damage.
Your hands burn!
You punch the jelly, but do no damage.
The jelly is severely wounded.
The jelly hits you.
* * * LOW HITPOINT WARNING * * *
You are splashed with acid!
* * * LOW HITPOINT WARNING * * *
You hit the jelly. The acid corrodes you!
Your hands burn!
* * * LOW HITPOINT WARNING * * *
The jelly is almost dead.
The jelly barely misses you.
You hit the jelly but do no damage.
Your hands burn!
You die...

#.## #.##...##.# #..#.# #..#
#.........# ##.#.#
##.#########.####.### #.#.#
#.........#.# #.##########.#.#
#..####'##..####..............#
#...##.⌠.##................#..#
#....##...##..................#
##....##...##.....########.#..#
##....##...##.@...# #.#..##
##....''.⌠.++J.#.# .###...>..
##..##...##..##... ..........
#..##...##..## #.........#...
#..## ..##..# ...###.###...
#..# ⌠.##..# ..# #. #... #.# +#
..# . .... #. # ..... ..#


You could see a jelly.

Vanquished Creatures
  A jelly (D:5)
  A hound (D:5)
  An iguana (D:5)
  Ijyb (D:4)
  Robin (D:4)
  A gnoll (D:3)
  4 adders
  2 worms (D:3)
  2 dart slugs
  2 orcs (D:3)
  8 endoplasms
  6 giant cockroaches
  15 goblins
  11 hobgoblins
  A jackal (D:5)
  A quokka (D:2)
  6 ball pythons
  4 bats
  A frilled lizard (D:2)
  4 kobolds
  3 rats
76 creatures vanquished.

Notes
Turn   | Place    | Note
-------+----------+-------------------------------------------
     0 | Abyss:1  | Newt the Demonspawn Abyssal Knight began the quest for the
                  | Orb.
     0 | Abyss:1  | Reached XP level 1. HP: 18/18 MP: 2/2
    40 | Abyss:1  | Noticed a large abomination
    41 | D:1      | Escaped the Abyss
   278 | D:1      | Reached skill level 2 in Polearms
   278 | D:1      | Gained mutation: You regenerate magic rapidly. [demonic
                  | ancestry]
   278 | D:1      | Reached XP level 2. HP: 23/24 MP: 3/3
   314 | D:1      | Reached ** piety under Lugonu
   454 | D:1      | Found a faded altar of an unknown god.
   927 | D:2      | Reached skill level 1 in Spellcasting
  1036 | D:2      | Reached XP level 3. HP: 27/29 MP: 4/4
  1834 | D:3      | Reached skill level 3 in Polearms
  1834 | D:3      | Gained mutation: You are partially covered in large bone
                  | plates. (SH +4) [demonic ancestry]
  1834 | D:3      | Reached XP level 4. HP: 6/35 MP: 6/6
  1859 | D:3      | Reached *** piety under Lugonu
  2459 | D:4      | Noticed Robin
  2481 | D:4      | Killed Robin
  2495 | D:4      | Gained mutation: You have large cloven feet. [demonic
                  | ancestry]
  2495 | D:4      | Reached XP level 5. HP: 18/41 MP: 7/7
  2774 | D:4      | Noticed Ijyb
  2796 | D:4      | Killed Ijyb
  3240 | D:5      | Entered Level 5 of the Dungeon
  3253 | D:5      | Noticed an ogre
  3254 | D:5      | Banished an ogre
  3255 | D:5      | Reached skill level 4 in Polearms
  3290 | D:5      | Reached XP level 6. HP: 47/47 MP: 9/9
  3550 | D:5      | Found a staircase to the Ecumenical Temple.
  3659 | D:5      | Splashed by a jelly's acid

Illustrated notes

Levels and vault maps discovered:
D:1:      lightli_arrival_statuegarden, layout_loops_ring,
          shapermc_ecumenical_altar_venn, minmay_tetromino_i2
D:2:      minmay_recursive_quarters, layout_rooms, columned_hall_lemuel
D:3:      layout_basic, chequers_temple_overflow_minitemple, serial_aquarium,
          aquarium_bridge_square [aquarium_subvault_wall,
          aquarium_subvault_wall, aquarium_subvault_balcony,
          aquarium_subvault_bridge], aquarium_bridge_long_separate
          [aquarium_subvault_window, aquarium_subvault_bridge,
          aquarium_subvault_bridge, aquarium_subvault_bridge,
          aquarium_subvault_balcony, aquarium_subvault_bridge],
          aquarium_window_1, aquarium_window_fake, aquarium_window_1,
          aquarium_view_2a, aquarium_pool_2, minmay_vboxes
D:4:      layout_basic, grunt_ministairs_1, uniq_robin, uniq_ijyb
D:5:      layout_basic, kennysheep_little_box, trog_three_pillars_becter,
          minmay_temple_entry_stoned_glass, grunt_decor_arrowhead,
          minmay_between, uniq_edmund

Skill      XL: |  1  2  3  4  5 |
---------------+----------------+-----
Polearms       | 2 3 4 |  4.5
Armour         | 2 |  2.7
Spellcasting   | 1 2 |  2.5
Fighting       | |  3.3
Dodging        | |  0.8
Shields        | |  0.3
Invocations    | |  2.8

Action                   |  1- 3 |  4- 6 || total
-------------------------+-------+-------++-------
Melee: Spear             |   157 |   158 ||   315
       Punch             |     2 |     3 ||     5
       Kick              |       |    20 ||    20
Invok: Depart the Abyss  |     1 |       ||     1
       Banish            |       |     1 ||     1
  Use: Potion            |       |     1 ||     1
       Scroll            |       |     6 ||     6
 Stab: Sleeping          |     3 |     1 ||     4
Armor: Leather armour    |    29 |    25 ||    54
       Chain mail        |       |    11 ||    11
Dodge: Dodged            |    70 |    23 ||    93
Block: Other             |       |    15 ||    15

Table legend: (Time is in decaauts)
 A = Elapsed time spent in this place.
 B = Non-inter-level travel time spent in this place.
 C = Inter-level travel time spent in this place.
 D = Time resting spent in this place.
 E = Time spent auto-exploring this place.
 F = Levels seen in this place.
 G = Mean time per level.
                   A        B        C        D        E       F      G
               +--------+--------+--------+--------+--------+-----+--------+
         Total |   3643 |   3643 |      0 |   1286 |    829 |   6 |  607.2 |
       Dungeon |   3602 |   3602 |      0 |   1286 |    790 |   5 |  720.4 |
         Abyss |     41 |     41 |      0 |      0 |     39 |   1 |   41.0 |
               +--------+--------+--------+--------+--------+-----+--------+

Top non-repeatable levels by time:
     D:2: 899 daAuts
     D:4: 851 daAuts
     D:1: 735 daAuts
     D:3: 700 daAuts
     D:5: 415 daAuts
 Abyss:1: 41 daAuts
